 Dungeon Crawl Stone Soup version 0.17.0-28-g6e173f8 (webtiles) character file.

126 coffecat the Covert (level 4, -1/23 HPs)
             Began as a Spriggan Assassin on Nov 27, 2015.
             Was an Initiate of Nemelex Xobeh.
             Splashed by a jelly's acid (6 damage)
             ... on level 5 of the Dungeon.
             The game lasted 00:07:03 (1067 turns).

coffecat the Covert (Spriggan Assassin)             Turns: 1067, Time: 00:07:03

Health: -1/23      AC: -1    Str:  7    XL:     4   Next: 84%
Magic:  5/5        EV: 17    Int: 12    God:    Nemelex Xobeh [......]
Gold:   87         SH:  0    Dex: 18    Spells: 0 memorised, 3 levels left

rFire  . . .     SeeInvis +     a - +2 dagger
rCold  . . .     Clarity  .     n - +0 robe
rNeg   . . .     SustAt   .     (shield restricted)
rPois  .         Gourm    .     (helmet restricted)
rElec  .         Spirit   .     d - +0 cloak
rCorr  .         Warding  .     (gloves unavailable)
rMut   .         Stasis   .     (boots unavailable)
MR     .....                    (no amulet)
Stlth  +++++.....               (no ring)
                                (no ring)

@: corroded equipment, very quick, not resistant to hostile enchantments, quite
stealthy
A: unfitting armour, see invisible, herbivore 3, speed 3, slow metabolism 2
a: Renounce Religion


You were on level 5 of the Dungeon.
You worshipped Nemelex Xobeh.
Nemelex Xobeh was noncommittal.
You were not hungry.

You visited 1 branch of the dungeon, and saw 5 of its levels.

You collected 87 gold pieces.

Inventory:

Hand Weapons
 a - a +2 dagger (weapon)
 b - a +0 blowgun
Missiles
 e - a poisoned needle
Armour
 c - a +0 robe
 d - a +0 cloak (worn)
 n - a +0 robe (worn)
Wands
 j - a wand of random effects (33)
Scrolls
 h - a scroll of blinking {unknown}
 k - a scroll of remove curse {unknown}
Potions
 i - 4 potions of ambrosia {unknown}
 o - a potion of haste {unknown}
Miscellaneous
 l - a legendary deck of escape {drawn: 2}
Comestibles
 g - 2 bread rations
 m - a meat ration


   Skills:
 + Level 1.9 Fighting
 + Level 2.9 Short Blades
 + Level 2.2 Throwing
 + Level 1.9 Dodging
 + Level 8.4 Stealth


You had 3 spell levels left.
You didn't know any spells.

Dungeon Overview and Level Annotations

Branches:
Dungeon (5/15)
 Temple: D:4-7

Altars:
Nemelex Xobeh


Innate Abilities, Weirdness & Mutations

You are tiny and cannot use many weapons and most armour.
You have supernaturally acute eyesight.
You are a herbivore.
You cover ground extremely quickly.
You need consume almost no food.


Message History

The acid burns!
You hit the adder but do no damage.
The adder is lightly wounded.
The adder barely misses you. The adder barely misses you.
The jelly barely misses you.
You hit the adder but do no damage.
The adder is lightly wounded.
The adder misses you.
You draw a card...
It is Velocity.
Nothing appears to happen.
The adder bites you.
* * * LOW HITPOINT WARNING * * *
The jelly misses you. The adder misses you.
That item cannot be evoked!
Evoke which item? (* to show all) (? for menu, Esc to quit)
You draw a card...
It is the Elixir.
The adder misses you. The jelly hits you.
* * * LOW HITPOINT WARNING * * *
You are splashed with acid!
The acid burns!
You die...
Your body disappears without a glow.

..# #.≈ #.# #.# #.# #.#
########.# #.# #.@...#..#
##)###SJ...#..## #...
+.....+...+....) .
#..###.....#..# .....
..#.<...........##.....
+...>.........†.........
#..##...................
#..................####+#
#..##..............####..


You could see a jelly and an adder.

Vanquished Creatures
  An ogre (D:4)
  A worker ant (D:5)
  2 adders
  An orc (D:4)
  A goblin (D:3)
  A hobgoblin (D:1)
  2 kobolds
  A giant newt (D:1)
10 creatures vanquished.

Notes
Turn   | Place    | Note
--------------------------------------------------------------
     0 | D:1      | coffecat the Spriggan Assassin began the quest for the Orb.
     0 | D:1      | Reached XP level 1. HP: 10/10 MP: 2/2
    53 | D:1      | Reached skill level 6 in Stealth
   569 | D:3      | Reached XP level 2. HP: 14/14 MP: 3/3
   703 | D:3      | Found a sparkling altar of Nemelex Xobeh.
   709 | D:3      | Became a worshipper of Nemelex Xobeh the Trickster
   798 | D:4      | Received a gift from Nemelex Xobeh
   940 | D:4      | Noticed an ogre
   943 | D:4      | Killed an ogre
   943 | D:4      | Reached skill level 8 in Stealth
   943 | D:4      | Reached XP level 3. HP: 16/18 MP: 4/4
   943 | D:4      | Reached XP level 4. HP: 20/23 MP: 5/5
   953 | D:5      | Entered Level 5 of the Dungeon
  1067 | D:5      | Splashed by a jelly's acid

Action                   |  1- 3 |  4- 6 || total
-------------------------+-------+-------++-------
Melee: Dagger            |    21 |     8 ||    29
 Fire: Blowgun           |       |    11 ||    11
Evoke: Deck              |       |     2 ||     2
 Stab: Sleeping          |     3 |     2 ||     5
